 Dungeon Crawl Stone Soup version 0.22-a0-512-g0943f25 (webtiles) character file.

9965 KristoblXynda the Grappler (level 11, -3/101 HPs)
             Began as a Troll Wizard on June 18, 2018.
             Was a Believer of Ashenzari.
             Slain by a white ugly thing (19 damage)
             ... on level 12 of the Dungeon.
             The game lasted 00:27:21 (9508 turns).

KristoblXynda the Grappler (Troll Wizard)           Turns: 9508, Time: 00:27:22

Health: -3/101     AC:  8    Str: 17    XL:     11   Next: 30%
Magic:  22/22      EV:  9    Int: 17    God:    Ashenzari [**....]
Gold:   412        SH:  4    Dex:  8    Spells: 7/14 levels left

rFire    + . .     SeeInvis .     - Unarmed
rCold    . . .     Gourm    +   (no shield)
rNeg     . . .     Faith    .   x - +2 robe {rF+} (curse)
rPois    .         Spirit   .   b - +1 hat
rElec    .         Reflect  +   (no cloak)
rCorr    .         Harm     .   (gloves unavailable)
MR       +....                  (boots unavailable)
Stlth    +.........             F - +4 amulet of reflection (curse)
HPRegen  0.66/turn              s - ring of magical power (curse)
MPRegen  0.18/turn              p - ring of protection from magic

@: no status effects
A: large, unfitting armour, claws 3, fast metabolism 3, gourmand, regeneration
1, shaggy fur 1, tough skin 2
a: Curse Item, Scrying, Renounce Religion


You were on level 12 of the Dungeon.
You worshipped Ashenzari.
Ashenzari was pleased with you.
You were very full.

You visited 2 branches of the dungeon, and saw 13 of its levels.

You collected 412 gold pieces.

Inventory:

Armour
 b - a +1 hat (worn)
 x - a cursed +2 robe of fire resistance (worn)
Jewellery
 p - a ring of protection from magic (right claw)
 q - an uncursed amulet of faith
 s - a cursed ring of magical power (left claw)
 F - a cursed +4 amulet of reflection (around neck)
Wands
 f - a wand of iceblast (18)
 w - a wand of digging (16)
 C - a wand of paralysis (1)
 D - a wand of disintegration (8)
Scrolls
 c - 6 scrolls of remove curse
 e - a scroll of identify
 h - 2 scrolls of immolation
 o - a scroll of blinking
 r - a scroll of enchant armour
 v - 7 scrolls of teleportation
 B - 2 scrolls of amnesia
Potions
 a - a potion of cancellation
 g - 3 potions of agility
 i - 3 potions of haste
 j - 2 potions of curing
 l - a potion of brilliance
 m - 4 potions of ambrosia
 n - a potion of resistance
 t - a potion of flight
 A - a potion of mutation
Miscellaneous
 E - a sack of spiders
Comestibles
 d - 15 rations
 k - 11 chunks of flesh


   Skills:
 + Level 4.5 Fighting
 - Level 1.5 Dodging
 - Level 1.0 Stealth
 + Level 11.1 Unarmed Combat
 - Level 2.0 Spellcasting
 + Level 9.5(10.9) Conjurations
 + Level 1.9(3.0) Hexes
   Level 0.6(1.3) Summonings
   Level 0.6(1.3) Translocations


You had 7 spell levels left.
You knew the following spells:

 Your Spells              Type           Power        Failure   Level  Hunger
a - Magic Dart            Conj           ####         1%          1    #......
b - Mephitic Cloud        Conj/Pois/Air  ##......     12%         3    ###....
c - Confuse               Hex            ##......     17%         3    ###....

Your spell library contained the following spells:

 Spells                   Type           Power        Failure   Level  Hunger
 Apportation              Tloc           #.....       11%         1    #......
 Conjure Flame            Conj/Fire      ###.....     6%          3    ###....
 Slow                     Hex            ##......     9%          2    ###....
 Summon Small Mammal      Summ           #...         11%         1    #......
 Blink                    Tloc           N/A          17%         2    ###....
 Animate Skeleton         Necr           N/A          19%         1    #......
 Summon Ice Beast         Ice/Summ       #.......     80%         4    #####..
 Call Imp                 Summ           #.......     17%         2    ###....
 Confusing Touch          Hex            ##....       5%          1    #......
 Call Canine Familiar     Summ           #.......     32%         3    ###....
 Metabolic Englaciation   Hex/Ice        #.........   95%         5    ######.
 Petrify                  Tmut/Erth      #.......     87%         4    #####..
 Summon Lightning Spire   Summ/Air       #.......     80%         4    #####..
 Summon Guardian Golem    Hex/Summ       #.......     24%         3    ###....
 Gell's Gravitas          Tloc           #.........   32%         3    ###....
 Yara's Violent Unravell  Hex/Tmut       #.........   95%         5    ######.


Dungeon Overview and Level Annotations

Branches:
Dungeon (12/15)            Temple (1/1) D:5            Lair (0/6) D:9
    Orc (0/2) D:9

Altars:
Ashenzari
Cheibriados
Dithmenos
Elyvilon
Fedhas
Gozag
Hepliaklqana
Kikubaaqudgha
Makhleb
Nemelex Xobeh
Okawaru
Qazlal
Ru
Sif Muna
Trog
Uskayaw
Vehumet
Wu Jian
Xom
Yredelemnul
Zin
The Shining One

Shops:
D:4 *}

Portals:
Trove: D:11 (give +3 storm dragon scales)

Annotations:
D:10 Erica, Gastronok, Harold, Joseph
D:12 Azrael


Innate Abilities, Weirdness & Mutations

You are too large for most types of armour.
You have claws for hands.
Your metabolism is lightning-fast.
You like to eat raw meat.
Your natural rate of healing is unusually fast.
You are covered in fur. (AC +1)
You have very tough skin. (AC +2)


Message History

The hell hound is lightly wounded.
The hell hound bites you.
You closely miss the hell hound.
The hell hound is lightly wounded.
The hell hound bites you.
You scratch the white ugly thing.
The white ugly thing is almost dead.
You closely miss the white ugly thing.
The white ugly thing is almost dead.
The white ugly thing barely misses you.
You scratch the white ugly thing.
The white ugly thing is almost dead.
The white ugly thing kicks you! The white ugly thing freezes you!!
* * * LOW HITPOINT WARNING * * *
Azrael screams, "Burn!
Burn!
All of it must BURN!"
You see here an orc skeleton.
The white ugly thing kicks you!
* * * LOW HITPOINT WARNING * * *
The white ugly thing freezes you!!
You die...

, ,, h### #.......... **
,,#.,hR#####.########. .#*
#.##h##.......# #. #.##
#.##.##.##.##.# #. #...
#.##h##.##.##.# #. #...
#.##h{.h...##.# #. #...#
#.#####.#####.# #. #...######
#.#####h..)...# #.
###........###..@uh.h......# #.
.......###..##..#####......# #.
.......# #......##.....)...##.../
.......###>.##..##.##......##.##.
#.#........###.....,#......## #.
#.#...#.#### ##...#...######* #.
#.#...#.# ####..### * #.
#.#...#.# ##.# * #J #.......### *
... * ..


You could see a white ugly thing and 3 hell hounds.

Vanquished Creatures
  Snorg (D:11)
  A death knight (D:11)
  2 unseen horrors (D:11)
  A manticore (D:11)
  A cyclops (D:11)
  A gargoyle (D:6)
  Grinder (D:6)
  2 trolls
  Prince Ribbit (D:7)
  Sigmund (D:5)
  A wyvern (D:12)
  A vampire (D:11)
  2 fire elementals (D:12)
  Duvessa (D:5)
  2 water moccasins
  2 orc warriors (D:11)
  An ice beast (D:7)
  2 sky beasts
  An eye of draining (D:11)
  6 ogres
  2 necrophages (D:7)
  7 centaurs
  A big kobold (D:7)
  A gnoll sergeant (D:6)
  5 bullfrogs
  5 scorpions
  Dowan (D:5)
  5 killer bees
  4 wights (D:7)
  4 howler monkeys
  4 bullfrog zombies
  5 crimson imps
  6 orc priests
  A centaur zombie (D:5)
  5 hounds
  10 orc wizards
  An iguana (D:5)
  8 worker ants
  2 hound skeletons
  6 gnolls
  14 adders
  An ooze (D:2)
  5 worms
  An adder skeleton (D:9)
  An adder zombie (D:5)
  2 dart slugs
  6 leopard geckos
  37 orcs
  6 bats
  7 giant cockroaches
  4 goblins
  15 hobgoblins
  11 jackals
  11 kobolds
  6 quokkas
  4 ball pythons
  3 frilled lizards
  2 jackal zombies
  3 leopard gecko skeletons
  A quokka skeleton (D:6)
  5 rats
259 creatures vanquished.

Vanquished Creatures (collateral kills)
  A killer bee (D:10)
1 creature vanquished.

Grand Total: 260 creatures vanquished

Notes
Turn   | Place    | Note
-------+----------+-------------------------------------------
     0 | D:1      | KristoblXynda the Troll Wizard began the quest for the Orb.
     0 | D:1      | Reached XP level 1. HP: 16/16 MP: 2/2
    37 | D:1      | Reached skill level 1 in Conjurations
    65 | D:1      | Reached skill level 1 in Unarmed Combat
    65 | D:1      | Reached XP level 2. HP: 19/24 MP: 4/4
   741 | D:2      | Reached XP level 3. HP: 28/31 MP: 5/5
   792 | D:2      | Reached skill level 2 in Unarmed Combat
  1040 | D:2      | Reached XP level 4. HP: 30/39 MP: 6/6
  1078 | D:2      | Learned a level 3 spell: Mephitic Cloud
  1549 | D:3      | Reached skill level 3 in Unarmed Combat
  1869 | D:3      | Reached XP level 5. HP: 45/45 MP: 3/7
  2465 | D:4      | Reached skill level 4 in Unarmed Combat
  2465 | D:4      | Reached XP level 6. HP: 23/53 MP: 8/8
  2728 | D:4      | Found Byly's Gadget Emporium.
  2772 | D:4      | Found Zin's Purification Station.
  2773 | D:4      | Found a glowing silver altar of Zin.
  2924 | D:4      | Found a sacrificial altar of Ru.
  3006 | D:5      | Entered Level 5 of the Dungeon
  3036 | D:5      | Noticed a sky beast
  3077 | D:5      | Killed a sky beast
  3080 | D:5      | Reached skill level 5 in Unarmed Combat
  3106 | D:5      | Reached XP level 7. HP: 30/59 MP: 9/9
  3165 | D:5      | Found a deep blue altar of Sif Muna.
  3177 | D:5      | Found a sparkling altar of Nemelex Xobeh.
  3220 | D:5      | Found a radiant altar of Vehumet.
  3233 | D:5      | Found a bloodstained altar of Trog.
  3354 | D:5      | Found a staircase to the Ecumenical Temple.
  3449 | D:5      | Noticed Sigmund
  3460 | D:5      | Killed Sigmund
  3471 | D:5      | Reached skill level 6 in Unarmed Combat
  3471 | D:5      | Noticed Duvessa
  3478 | D:5      | Noticed Dowan
  3509 | Temple   | Entered the Ecumenical Temple
  3601 | Temple   | Became a worshipper of Ashenzari the Shackled
  3753 | D:5      | Killed Dowan
  3778 | D:5      | Killed Duvessa
  3778 | D:5      | Reached skill level 5 in Conjurations
  3778 | D:5      | Reached XP level 8. HP: 67/67 MP: 6/10
  3982 | D:6      | Noticed a gargoyle
  4047 | D:6      | Reached skill level 7 in Unarmed Combat
  4118 | D:6      | Killed a gargoyle
  4186 | D:6      | Reached skill level 8 in Unarmed Combat
  4203 | D:6      | Noticed Grinder
  4226 | D:6      | Killed Grinder
  4226 | D:6      | Reached XP level 9. HP: 74/74 MP: 11/11
  4491 | D:6      | Found a shadowy altar of Dithmenos.
  4840 | D:7      | Noticed Prince Ribbit
  4860 | D:7      | Killed Prince Ribbit
  4860 | D:7      | Reached skill level 9 in Unarmed Combat
  5508 | D:8      | Reached * piety under Ashenzari
  5700 | D:8      | Reached skill level 1 in Fighting
  5746 | D:8      | Found a stormy altar of Qazlal.
  6139 | D:9      | Reached XP level 10. HP: 79/83 MP: 12/12
  6197 | D:9      | Reached skill level 10 in Unarmed Combat
  6243 | D:9      | Found a staircase to the Lair.
  6527 | D:9      | Found a staircase to the Orcish Mines.
  6657 | D:9      | Learned a level 3 spell: Confuse
  7144 | D:10     | Entered Level 10 of the Dungeon
  7144 | D:10     | Noticed Erica
  7144 | D:10     | Noticed a wizard
  7144 | D:10     | Noticed Joseph
  7144 | D:10     | Noticed an enchanted triple sword
  7144 | D:10     | Noticed an orc knight
  7145 | D:10     | Noticed Harold
  7406 | D:10     | Noticed Gastronok
  7568 | D:11     | Noticed a death knight
  7730 | D:11     | Reached ** piety under Ashenzari
  7803 | D:11     | Noticed a manticore
  7811 | D:11     | Killed a manticore
  7881 | D:11     | Found a portal to a secret trove of treasure.
  7913 | D:11     | Noticed Snorg
  7943 | D:11     | Killed Snorg
  8095 | D:11     | Killed an unseen horror
  8104 | D:11     | HP: 3/91 [cloud of noxious fumes (2)]
  8111 | D:11     | HP: 4/91 [poisoned by a killer bee]
  8419 | D:11     | Noticed a cyclops
  8518 | D:11     | Killed a cyclops
  8683 | D:11     | Killed an unseen horror
  8683 | D:11     | Reached skill level 1 in Hexes
  8683 | D:11     | Reached XP level 11. HP: 75/100 MP: 13/13
  8869 | D:11     | Killed a death knight
  8869 | D:11     | Reached skill level 11 in Unarmed Combat
  9478 | D:12     | Noticed Azrael
  9479 | D:12     | Noticed a white ugly thing
  9508 | D:12     | Slain by a white ugly thing

Vault maps used:
D:1:      eino_arrival_water_star, minmay_shallow_snake_nest
D:2:      first_ration, minmay_split_cup_large
D:4:      zin_purify, hangedman_ru_absence, serial_shops, shop
D:5:      nicolae_overflow_quartered_altars, temple_statues, uniq_duvessa,
          uniq_sigmund
D:6:      grunt_dithmenos_smoke_and_mirrors, kennysheep_opposing_triangles,
          uniq_grinder
D:7:      grunt_livestock, minivault_25, uniq_prince_ribbit1
D:8:      grunt_qazlal_sundering
D:9:      lair_entry_dummy, orc_0_dummy, serial_co_window_serial,
          co_window_paths_a, co_window_paths_b, co_window_paths_a,
          co_window_corner_a, co_window_corner_a, co_window_paths_a,
          co_window_paths_a, co_window_corner_a, co_window_paths_b,
          co_window_of_opportunity_b, co_window_of_opportunity_b,
          co_window_corner_cb, glass_columns_a, glass_columns_b, glass_columns_c
D:10:     cheibrodos_helix_gallery, serial_shops, nicolae_shop_behind_doors,
          sword_in_stone, uniq_gastronok
D:11:     enter_trove_3, kennysheep_windowed_goal, uniq_harold, uniq_snorg
D:12:     serial_shops, nicolae_shop_crystal, onia_ninara_cookie, uniq_azrael,
          uniq_josephine, uniq_urug
Temple:   regret_index_temple_generic_petals

Skill      XL: |  1  2  3  4  5  6  7  8  9 10 11 |
---------------+----------------------------------+-----
Conjurations   | 1 2 3 4 5 6 7 9 |  9.5
Unarmed Combat | 1 2 3 4 5 6 8 9 10 11 | 11.1
Fighting       | 1 4 |  4.5
Hexes          | 1 |  1.9
Dodging        | |  1.5
Stealth        | |  1.0
Spellcasting   | |  2.0
Summonings     | |  0.6
Translocations | |  0.6

Action                   |  1- 3 |  4- 6 |  7- 9 | 10-12 || total
-------------------------+-------+-------+-------+-------++-------
Melee: Unarmed           |   129 |   195 |   281 |   303 ||   908
       Punch             |       |     2 |     6 |     7 ||    15
 Cast: Mephitic Cloud    |       |     5 |    14 |    14 ||    33
Invok: Curse Item        |       |       |     2 |     1 ||     3
Evoke: Wand              |       |       |       |     8 ||     8
  Use: Scroll            |       |    10 |     4 |     8 ||    22
       Potion            |       |       |     2 |     5 ||     7
 Stab: Sleeping          |     1 |     3 |     1 |     1 ||     6
       Distracted        |       |     1 |       |       ||     1
       Confused          |       |       |     5 |     7 ||    12
  Eat: Chunk             |    15 |    19 |    31 |    32 ||    97
Armor: Robe              |    37 |    67 |    68 |    93 ||   265
       Skin              |       |       |    24 |       ||    24
Dodge: Dodged            |    60 |   102 |    87 |    95 ||   344
Block: Other             |       |       |       |    29 ||    29
       Reflection        |       |       |       |     4 ||     4

Table legend:
 A = Spawn XP
 B = Non-spawn XP
 C = Spawn XP percentage of total XP
 D = Spawn monster count
 E = Non-spawn monster count
 F = Spawn count percentage of total count
 G = Total turns spent on level
                    A         B        C        D         E        F      G
               +---------+---------+-------+---------+---------+-------+---------
         Total |       0 |   14237 |   0.0 |       0 |     260 |   0.0 |  9508
               +---------+---------+-------+---------+---------+-------+---------
           D:1 |       0 |      38 |   0.0 |       0 |      21 |   0.0 |   671
           D:2 |       0 |     119 |   0.0 |       0 |      26 |   0.0 |   855
           D:3 |       0 |     132 |   0.0 |       0 |      21 |   0.0 |   750
           D:4 |       0 |     228 |   0.0 |       0 |      16 |   0.0 |   730
           D:5 |       0 |    1092 |   0.0 |       0 |      27 |   0.0 |   760
           D:6 |       0 |    1844 |   0.0 |       0 |      30 |   0.0 |   844
           D:7 |       0 |    1358 |   0.0 |       0 |      28 |   0.0 |   634
           D:8 |       0 |     643 |   0.0 |       0 |      13 |   0.0 |   633
           D:9 |       0 |     846 |   0.0 |       0 |      17 |   0.0 |  1232
          D:10 |       0 |     536 |   0.0 |       0 |       5 |   0.0 |   251
          D:11 |       0 |    6078 |   0.0 |       0 |      36 |   0.0 |  1563
          D:12 |       0 |    1323 |   0.0 |       0 |      20 |   0.0 |   357
               +---------+---------+-------+---------+---------+-------+---------
